MID
LAKE COUNTY CAPTAINS @ WEST MICHIGAN WHITECAPS
06/06/2044
 
TOP OF THE 1ST
Lake County Captains batting - Pitching for West Michigan Whitecaps : RHP Andy Thoennes
Pitching: RHP Andy Thoennes
Batting: RHB Toki Takeuchi 0-0: Foul Ball, location: 2F
0-1: Ground out 6-3 (Groundball, 6S, EV 82.5 MPH)
Batting: LHB Yasuo Igarashi 0-0: SINGLE (Groundball, 4M, EV 107.5 MPH) (infield hit)
Batting: SHB Charlie Diesel 0-0: Ball
Yasuo Igarashi is caught stealing 2nd base 2-6
1-0: Called Strike
1-1: Called Strike
1-2: Strikes out swinging, 2-3 out at first.
Top of the 1st over - 0 runs, 1 hit, 0 errors, 0 left on base; Lake County 0 - West Michigan 0
BOTTOM OF THE 1ST
West Michigan Whitecaps batting - Pitching for Lake County Captains : RHP Matt Zambon
Pitching: RHP Matt Zambon
Batting: LHB Jeff Trapp 0-0: Ball
1-0: Ball
2-0: Called Strike
2-1: Swinging Strike
2-2: Strikes out looking
Batting: RHB Jon Pierce 0-0: Called Strike
0-1: Foul Ball, location: 2F
0-2: Foul Ball, location: 2F
0-2: Foul Ball, location: 2F
0-2: Ball
1-2: Ball
2-2: Foul Ball, location: 2F
2-2: Ball
3-2: Strikes out swinging
Batting: SHB Andy Vivas 0-0: Foul Ball, location: 2F
0-1: Ball
1-1: Swinging Strike
1-2: Strikes out looking
Bottom of the 1st over - 0 runs, 0 hits, 0 errors, 0 left on base; Lake County 0 - West Michigan 0
TOP OF THE 2ND
Lake County Captains batting - Pitching for West Michigan Whitecaps : RHP Andy Thoennes
Batting: LHB Tim Fuller 0-0: Called Strike
0-1: Ball
1-1: Ground out 6-3 (Groundball, 56, EV 83.8 MPH)
Batting: LHB Justin Rankin 0-0: Ball
1-0: Ball
2-0: Foul Ball, location: 2F
2-1: SINGLE (Groundball, 56D, EV 97.5 MPH)
Batting: RHB Danny Millsaps 0-0: Fielders Choice at 2nd, 1-6 (Groundball, 13S, EV 66.3 MPH)
Batting: RHB Adrian Martinelli 0-0: Called Strike
0-1: Swinging Strike
0-2: Strikes out swinging
Top of the 2nd over - 0 runs, 1 hit, 0 errors, 1 left on base; Lake County 0 - West Michigan 0
BOTTOM OF THE 2ND
West Michigan Whitecaps batting - Pitching for Lake County Captains : RHP Matt Zambon
Now in RF: Travis Burnett
Batting: RHB Bill Cabrera 0-0: Ball
1-0: Ball
2-0: Ball
3-0: Called Strike
3-1: Called Strike
3-2: Base on Balls
Batting: RHB Dan Becvar 0-0: Ball
1-0: Foul Ball, location: 2F
1-1: Fielders Choice at 2nd, 6-4 (Groundball, 6M, EV 88.8 MPH)
Batting: RHB Jordan Hall 0-0: Ball
1-0: Ball
2-0: Grounds into double play, 6-4-3 (Groundball, 6, EV 101.9 MPH)
Bottom of the 2nd over - 0 runs, 0 hits, 0 errors, 0 left on base; Lake County 0 - West Michigan 0
TOP OF THE 3RD
Lake County Captains batting - Pitching for West Michigan Whitecaps : RHP Andy Thoennes
Batting: LHB Danny Moreno 0-0: Ball
1-0: Called Strike
1-1: Called Strike
1-2: Ball
2-2: Ball
3-2: Strikes out looking
Batting: LHB Ubbe de Bruin 0-0: Called Strike
0-1: Ball
1-1: Foul Ball, location: 2F
1-2: Ball
2-2: SINGLE (Groundball, 6MS, EV 73.1 MPH) (infield hit)
Batting: RHB Toki Takeuchi 0-0: Ball
1-0: Called Strike
1-1: Foul Ball, location: 2F
1-2: Ball
2-2: Foul Ball, location: 2F
2-2: Strikes out swinging
Batting: LHB Yasuo Igarashi 0-0: Ball
Ubbe de Bruin is caught stealing 2nd base 2-6
Top of the 3rd over - 0 runs, 1 hit, 0 errors, 0 left on base; Lake County 0 - West Michigan 0
BOTTOM OF THE 3RD
West Michigan Whitecaps batting - Pitching for Lake County Captains : RHP Matt Zambon
Batting: RHB Sergio Valbuena 0-0: Swinging Strike
0-1: Ball
1-1: Called Strike
1-2: Ball
2-2: Foul Ball, location: 2F
2-2: Strikes out swinging
Batting: RHB Rocky Hart 0-0: Called Strike
0-1: Swinging Strike
0-2: Ball
1-2: Strikes out swinging
Batting: RHB Jamie Bass 0-0: Ball
1-0: Ground out 6-3 (Groundball, 6, EV 84.4 MPH)
Bottom of the 3rd over - 0 runs, 0 hits, 0 errors, 0 left on base; Lake County 0 - West Michigan 0
TOP OF THE 4TH
Lake County Captains batting - Pitching for West Michigan Whitecaps : RHP Andy Thoennes
Batting: LHB Yasuo Igarashi 0-0: Called Strike
0-1: Ground out U3 (Groundball, 34S, EV 88.8 MPH)
Batting: SHB Charlie Diesel 0-0: Ball
1-0: Foul Ball, location: 2F
1-1: Ball
2-1: SOLO HOME RUN (Flyball, 9LD, EV 96.9 MPH), Distance : 351 ft
Batting: LHB Tim Fuller 0-0: Foul Ball, location: 2F
0-1: Ball
1-1: Foul Ball, location: 2F
1-2: Ball
2-2: Ball
3-2: Foul Ball, location: 2F
3-2: Foul Ball, location: 2F
3-2: Base on Balls
Batting: SHB Travis Burnett 0-0: Called Strike
0-1: Ball
1-1: Swinging Strike
1-2: Foul Ball, location: 2F
1-2: Strikes out swinging
Batting: RHB Danny Millsaps 0-0: Swinging Strike
0-1: Called Strike
0-2: Strikes out swinging
Top of the 4th over - 1 run, 1 hit, 0 errors, 1 left on base; Lake County 1 - West Michigan 0
BOTTOM OF THE 4TH
West Michigan Whitecaps batting - Pitching for Lake County Captains : RHP Matt Zambon
Batting: LHB Jeff Trapp 0-0: Ball
1-0: Swinging Strike
1-1: Called Strike
1-2: Ball
2-2: Strikes out looking
Batting: RHB Jon Pierce 0-0: Ball
1-0: Called Strike
1-1: Called Strike
1-2: Strikes out looking
Batting: SHB Andy Vivas 0-0: Ball
1-0: SINGLE (Groundball, 6D, EV 106.3 MPH)
Batting: RHB Bill Cabrera 0-0: Ball
1-0: Called Strike
1-1: Foul Ball, location: 2F
1-2: Foul Ball, location: 2F
1-2: Ball
2-2: TRIPLE (Flyball, 9LD, EV 99.4 MPH)
Andy Vivas scores
Batting: RHB Dan Becvar 0-0: Called Strike
0-1: Ball
1-1: Ball
2-1: Swinging Strike
2-2: Fly out, F9 (Flyball, 9S, EV 81.3 MPH)
Bottom of the 4th over - 1 run, 2 hits, 0 errors, 1 left on base; Lake County 1 - West Michigan 1
TOP OF THE 5TH
Lake County Captains batting - Pitching for West Michigan Whitecaps : RHP Andy Thoennes
Batting: RHB Adrian Martinelli 0-0: Ball
1-0: Foul Ball, location: 2F
1-1: Foul Ball, location: 2F
1-2: Strikes out swinging
Batting: LHB Danny Moreno 0-0: Foul Ball, location: 2F
0-1: Called Strike
0-2: Foul Ball, location: 2F
0-2: Foul Ball, location: 2F
0-2: Ground out 4-3 (Groundball, 34D, EV 106.3 MPH)
Batting: LHB Ubbe de Bruin 0-0: Fly out, F9 (Line Drive, 9, EV 100.0 MPH)
Top of the 5th over - 0 runs, 0 hits, 0 errors, 0 left on base; Lake County 1 - West Michigan 1
BOTTOM OF THE 5TH
West Michigan Whitecaps batting - Pitching for Lake County Captains : RHP Matt Zambon
Batting: RHB Jordan Hall 0-0: Called Strike
0-1: Ball
1-1: Swinging Strike
1-2: Ball
2-2: Ball
3-2: Strikes out swinging
Batting: RHB Sergio Valbuena 0-0: SINGLE (Groundball, 6MD, EV 105.0 MPH)
Batting: RHB Rocky Hart 0-0: Called Strike
0-1: Called Strike
0-2: Foul Ball, location: 2F
0-2: Foul Ball, location: 2F
0-2: SINGLE (Groundball, 56S, EV 62.5 MPH) (infield hit)
Sergio Valbuena to second
Batting: RHB Jamie Bass 0-0: Ball
1-0: Called Strike
1-1: Fly out, F8 (Flyball, 78M, EV 85.0 MPH)
Batting: LHB Jeff Trapp 0-0: Ball
1-0: Ball
2-0: Foul Ball, location: 2F
2-1: Ball
3-1: Base on Balls
Sergio Valbuena to third
Rocky Hart to second
Batting: RHB Jon Pierce 0-0: Ball
1-0: Called Strike
1-1: SINGLE (Groundball, 4S, EV 70.0 MPH) (infield hit)
Sergio Valbuena scores
Rocky Hart to third
Jeff Trapp to second
Batting: SHB Andy Vivas 0-0: Foul Ball, location: 2F
0-1: Ball
1-1: Fly out, F8 (Flyball, 89D, EV 100.6 MPH)
Bottom of the 5th over - 1 run, 3 hits, 0 errors, 3 left on base; Lake County 1 - West Michigan 2
TOP OF THE 6TH
Lake County Captains batting - Pitching for West Michigan Whitecaps : RHP Andy Thoennes
Batting: RHB Toki Takeuchi 0-0: Swinging Strike
0-1: Ground out 6-3 (Groundball, 6, EV 106.3 MPH)
Batting: LHB Yasuo Igarashi 0-0: Fly out, F8 (Flyball, 8RD, EV 88.1 MPH)
Batting: SHB Charlie Diesel 0-0: Ball
1-0: Foul Ball, location: 2F
1-1: Ground out 4-3 (Groundball, 4, EV 108.1 MPH)
Top of the 6th over - 0 runs, 0 hits, 0 errors, 0 left on base; Lake County 1 - West Michigan 2
BOTTOM OF THE 6TH
West Michigan Whitecaps batting - Pitching for Lake County Captains : RHP Matt Zambon
Batting: RHB Bill Cabrera 0-0: Ground out U3 (Groundball, 34S, EV 85.0 MPH)
Batting: RHB Dan Becvar 0-0: Ball
1-0: Called Strike
1-1: Ball
2-1: Ball
3-1: Base on Balls
Pitching: RHP Tatsuhito Shiota
Batting: RHB Jordan Hall 0-0: Ball
1-0: Swinging Strike
1-1: Ball
2-1: Foul Ball, location: 2F
2-2: Strikes out looking
Batting: RHB Sergio Valbuena 0-0: Ball
Dan Becvar is caught stealing 2nd base 2-4
Bottom of the 6th over - 0 runs, 0 hits, 0 errors, 0 left on base; Lake County 1 - West Michigan 2
TOP OF THE 7TH
Lake County Captains batting - Pitching for West Michigan Whitecaps : RHP Andy Thoennes
Batting: LHB Tim Fuller 0-0: Ground out 5-3 (Groundball, 56S, EV 78.1 MPH)
Batting: SHB Travis Burnett 0-0: Ball
1-0: Foul Ball, location: 2F
1-1: Foul Ball, location: 2F
1-2: Ball
2-2: Strikes out swinging
Batting: RHB Danny Millsaps 0-0: Foul Ball, location: 2F
0-1: Ball
1-1: Ball
2-1: DOUBLE (Line Drive, 78D, EV 107.5 MPH)
Pitching: RHP Brian Southworth
Batting: RHB Adrian Martinelli 0-0: Ball
1-0: Ball
2-0: Ball
Wild Pitch!
Danny Millsaps to third
3-0: Called Strike
3-1: SINGLE (Flyball, 4MD, EV 88.8 MPH)
Danny Millsaps scores
Batting: LHB Danny Moreno 0-0: Ball
1-0: Ball
2-0: Foul Ball, location: 2F
2-1: Swinging Strike
2-2: Ball
3-2: Foul Ball, location: 2F
3-2: Foul Ball, location: 2F
3-2: Strikes out swinging
Top of the 7th over - 1 run, 2 hits, 0 errors, 1 left on base; Lake County 2 - West Michigan 2
BOTTOM OF THE 7TH
West Michigan Whitecaps batting - Pitching for Lake County Captains : RHP Tatsuhito Shiota
Batting: RHB Sergio Valbuena 0-0: Ball
1-0: Swinging Strike
1-1: Called Strike
1-2: Ball
2-2: Ball
3-2: Strikes out swinging
Batting: RHB Rocky Hart 0-0: Ball
1-0: Ball
2-0: Foul Ball, location: 2F
2-1: Foul Ball, location: 2F
2-2: Ball
3-2: Strikes out swinging
Batting: RHB Jamie Bass 0-0: Swinging Strike
0-1: Foul Ball, location: 2F
0-2: Strikes out swinging
Bottom of the 7th over - 0 runs, 0 hits, 0 errors, 0 left on base; Lake County 2 - West Michigan 2
TOP OF THE 8TH
Lake County Captains batting - Pitching for West Michigan Whitecaps : RHP Brian Southworth
Pitching: RHP Jared Barger
Batting: LHB Ubbe de Bruin 0-0: Swinging Strike
0-1: Called Strike
0-2: Ball
1-2: Foul Ball, location: 2F
1-2: Foul Ball, location: 2F
1-2: Ball
2-2: Strikes out looking
Batting: RHB Toki Takeuchi 0-0: Swinging Strike
0-1: Foul Ball, location: 2F
0-2: Ball
1-2: Fly out, F7 (Flyball, 7LD, EV 100.6 MPH)
Batting: LHB Yasuo Igarashi 0-0: Ball
1-0: Ball
2-0: Called Strike
2-1: Called Strike
2-2: Strikes out swinging
Top of the 8th over - 0 runs, 0 hits, 0 errors, 0 left on base; Lake County 2 - West Michigan 2
BOTTOM OF THE 8TH
West Michigan Whitecaps batting - Pitching for Lake County Captains : RHP Tatsuhito Shiota
Pitching: LHP Jordan Leon
Batting: LHB Jeff Trapp 0-0: Ball
1-0: Ball
2-0: Ball
3-0: Called Strike
3-1: Base on Balls
Pitching: RHP En-guo Tsu
Batting: RHB Jon Pierce 0-0: Ball
1-0: Ball
Jeff Trapp steals 2nd base
2-0: Ball
3-0: Called Strike
3-1: Ball
Batting: SHB Andy Vivas 0-0: Called Strike
0-1: Fly out, F8 (Line Drive, 8RM, EV 91.3 MPH)
Batting: RHB Bill Cabrera 0-0: Called Strike
0-1: Ball
1-1: Foul Ball, location: 2F
1-2: Fielders Choice at 2nd, 5-4 (Groundball, 56S, EV 82.5 MPH)
Jeff Trapp to third
Batting: RHB Dan Becvar 0-0: Called Strike
0-1: Foul Ball, location: 2F
0-2: Ball
1-2: Fly out, F8 (Flyball, 8RD, EV 106.9 MPH)
Bottom of the 8th over - 0 runs, 0 hits, 0 errors, 2 left on base; Lake County 2 - West Michigan 2
TOP OF THE 9TH
Lake County Captains batting - Pitching for West Michigan Whitecaps : RHP Jared Barger
Pitching: RHP Dave Frazier
Batting: SHB Charlie Diesel 0-0: Ball
1-0: Foul Ball, location: 2F
1-1: Ball
2-1: Foul Ball, location: 2F
2-2: Ball
3-2: Fly out, F7 (Line Drive, 7D, EV 101.3 MPH)
Batting: LHB Tim Fuller 0-0: Ball
1-0: Fly out, F7 (Line Drive, 7, EV 98.8 MPH)
Batting: SHB Travis Burnett 0-0: Called Strike
0-1: Ball
1-1: Swinging Strike
1-2: Ball
2-2: Strikes out swinging
Top of the 9th over - 0 runs, 0 hits, 0 errors, 0 left on base; Lake County 2 - West Michigan 2
BOTTOM OF THE 9TH
West Michigan Whitecaps batting - Pitching for Lake County Captains : RHP En-guo Tsu
Pitching: LHP Alcander Magos
Batting: RHB Jordan Hall 0-0: Ball
1-0: Called Strike
1-1: Foul Ball, location: 2F
1-2: Ball
2-2: DOUBLE (Line Drive, 9LD, EV 101.9 MPH)
Batting: RHB Sergio Valbuena 0-0: Fly out, F7 (Flyball, 7S, EV 89.4 MPH)
Batting: RHB Rocky Hart 0-0: Ball
1-0: Called Strike
1-1: Fly out, F8 (Flyball, 8RM, EV 78.1 MPH)
Batting: RHB Jamie Bass 0-0: Intentional Walk
Batting: LHB Jeff Trapp 0-0: Foul Ball, location: 2F
0-1: Ball
1-1: Foul Ball, location: 2F
1-2: Strikes out swinging
Bottom of the 9th over - 0 runs, 1 hit, 0 errors, 2 left on base; Lake County 2 - West Michigan 2
TOP OF THE 10TH
Lake County Captains batting - Pitching for West Michigan Whitecaps : RHP Dave Frazier
Batting: RHB Danny Millsaps 0-0: Called Strike
0-1: Fly out, F7 (Flyball, 7, EV 86.9 MPH)
Batting: RHB Adrian Martinelli 0-0: Called Strike
0-1: Called Strike
0-2: Ball
1-2: Strikes out swinging
Batting: LHB Danny Moreno 0-0: Ball
1-0: Called Strike
1-1: Ball
2-1: Ground out 1-3 (Groundball, 13S, EV 67.5 MPH)
Top of the 10th over - 0 runs, 0 hits, 0 errors, 0 left on base; Lake County 2 - West Michigan 2
BOTTOM OF THE 10TH
West Michigan Whitecaps batting - Pitching for Lake County Captains : LHP Alcander Magos
Pitching: RHP Ryan Southerland
Batting: RHB Jon Pierce 0-0: Ball
1-0: Ball
2-0: Swinging Strike
2-1: Swinging Strike
2-2: Strikes out swinging
Batting: SHB Andy Vivas 0-0: Foul Ball, location: 2F
0-1: Called Strike
0-2: SINGLE (Groundball, 56D, EV 101.9 MPH) (infield hit)
Batting: RHB Bill Cabrera 0-0: Called Strike
0-1: Foul Ball, location: 2F
0-2: Foul Ball, location: 2F
0-2: Ball
1-2: Fly out, F8 (Flyball, 8LM, EV 81.3 MPH)
Batting: RHB Dan Becvar 0-0: Called Strike
0-1: Fielders Choice at 2nd, 6-4 (Groundball, 6, EV 98.8 MPH)
Bottom of the 10th over - 0 runs, 1 hit, 0 errors, 1 left on base; Lake County 2 - West Michigan 2
TOP OF THE 11TH
Lake County Captains batting - Pitching for West Michigan Whitecaps : RHP Dave Frazier
Batting: LHB Ubbe de Bruin 0-0: Foul Ball, location: 2F
0-1: Foul Ball, location: 2F
0-2: Ball
1-2: Ball
2-2: Strikes out swinging
Batting: RHB Toki Takeuchi 0-0: SINGLE (Groundball, 6S, EV 66.3 MPH) (infield hit)
Batting: LHB Yasuo Igarashi 0-0: Ball
1-0: Ball
Toki Takeuchi steals 2nd base
2-0: Ball
3-0: Called Strike
3-1: Base on Balls
Batting: SHB Charlie Diesel 0-0: Ball
Toki Takeuchi steals 3rd base
Yasuo Igarashi to second
1-0: Swinging Strike
1-1: Foul Ball, location: 2F
1-2: Ground out 4-3 (Groundball, 13, EV 87.5 MPH)
Batting: LHB Tim Fuller 0-0: Intentional Walk
Pitching: RHP Daisuke Tashima
Batting: SHB Travis Burnett 0-0: Foul Ball, location: 2F
0-1: Ball
Balk!
Toki Takeuchi scores
Yasuo Igarashi to third
Tim Fuller to second
1-1: Ball
2-1: Called Strike
2-2: Foul Ball, location: 2F
2-2: Foul Ball, location: 2F
2-2: Ball
3-2: Strikes out swinging
Top of the 11th over - 1 run, 1 hit, 0 errors, 2 left on base; Lake County 3 - West Michigan 2
BOTTOM OF THE 11TH
West Michigan Whitecaps batting - Pitching for Lake County Captains : RHP Ryan Southerland
Batting: RHB Jordan Hall 0-0: Fly out, F6 (Popup, 6M, EV 59.4 MPH)
Batting: RHB Sergio Valbuena 0-0: Swinging Strike
0-1: Ball
1-1: Foul Ball, location: 2F
1-2: Ball
2-2: Strikes out swinging
Batting: RHB Rocky Hart 0-0: Ball
1-0: Ball
2-0: Foul Ball, location: 2F
2-1: Ball
3-1: Base on Balls
Batting: RHB Jamie Bass 0-0: Called Strike
0-1: Ball
1-1: Ball
2-1: SINGLE (Line Drive, 7LM, EV 101.9 MPH)
Rocky Hart to second
Batting: LHB Jeff Trapp 0-0: Called Strike
0-1: Foul Ball, location: 2F
0-2: Fielders Choice at 2nd, 6-4 (Groundball, 6, EV 76.9 MPH)
Bottom of the 11th over - 0 runs, 1 hit, 0 errors, 2 left on base; Lake County 3 - West Michigan 2
Thursday, March 31st , 2022 - OOTP Baseball 22.12 Build 89